Description

WIP

Modification for 3v3.

VOD

https://www.youtube.com/watch?v=jAq4tBulEcw&ab_channel=PiG

Build Order

Get SALT Encoding   

  14  0:17  Supply Depot  > Refinery
  17  1:02  Command Center  CC #2
  18  1:14  Barracks  
  19  1:22  Refinery  Refinery #1
  20  1:32  Refinery  Refinery #2
  21  2:01  Marine  
  23  2:08  Orbital Command  
  23  2:11  Factory  build next to rax
  23  2:22  Barracks Reactor  
  23  2:31  Refinery  Refinery #3
  23  2:17  Orbital Command  
  28  3:01  Starport x2  
  28  3:05  Hellion  after swapping factor w/ rax
  31  3:19  Supply Depot  > depots.. (dedicated depot scv)
  32  3:30  Cyclone x2  
  38  3:40  Starport Tech Lab x2  
  43  4:05  Banshee x2  
  50  4:18  Cyclone x2  
  59  4:42  Hyperflight Rotors  
  59  4:51  Banshee x2  
  67  4:56  Refinery  Refinery #4
  67  5:01  Cyclone  
  71  5:03  Cloaking Field  
Spawning Tool Build Advisor. Get it on Overwolf

Go to:

Details

  • Created by: IcebergSlim
  • Published on: Nov 17, 2023
  • Modified on: Nov 17, 2023
  • Patch: 5.0.11
  • Difficulty: Medium
Show
View Real Time Build Order
Export as new Build Order

Comments (0)

There are no comments. Be the first!

Create an account to comment!